 Dungeon Crawl Stone Soup version 0.28-a0-1567-g1695149f81 (webtiles) character file.

Game seed: 7117073000837182324

7 southernslant the Vexing (level 2, 0/16 HPs)
             Began as a Kobold Arcane Marksman on Jan 20, 2022.
             Slain by a ball python (1 damage)
             ... on level 1 of the Dungeon.
             The game lasted 00:01:25 (249 turns).

southernslant the Vexing (Kobold Arcane Marksman)    Turns: 249, Time: 00:01:25

Health: 0/16       AC:  2    Str:  7    XL:     2   Next: 5%
Magic:  4/4        EV: 15    Int: 14    God:
Gold:   34         SH:  0    Dex: 15    Spells: 2/3 levels left

rFire   . . .      SeeInvis .   h - +0 dagger (holy)
rCold   . . .      Faith    .   (no shield)
rNeg    . . .      Spirit   .   d - +0 robe
rPois   .          Reflect  .   (no helmet)
rElec   .          Harm     .   (no cloak)
rCorr   .          Rampage  .   (no gloves)
Will    .....                   (no boots)
Stlth   ++........              (no amulet)
HPRegen 0.05/turn               (no ring)
MPRegen 0.09/turn               (no ring)

@: no status effects
A: small, no large weapons, nightstalker 3
a: no special abilities


You were on level 1 of the Dungeon.
You visited 1 branch of the dungeon, and saw 1 of its levels.

You collected 34 gold pieces.

Inventory:

Hand Weapons
 a - a +0 hand crossbow
 h - a +0 dagger of holy wrath (weapon)
Missiles
 c - 17 bolts
Armour
 d - a +0 robe (worn)
Scrolls
 e - a scroll of vulnerability {unknown}
 f - a scroll of brand weapon {unknown}
Potions
 b - a potion of might {unknown}
 g - a potion of brilliance {unknown}


   Skills:
 * Level 1.5 Fighting
 * Level 0.0 Short Blades
 + Level 2.4 Crossbows
 * Level 0.4 Armour
 - Level 2.4 Dodging
 * Level 1.4 Spellcasting
 - Level 3.0 Hexes


You had 2 spell levels left.
You knew the following spells:

 Your Spells              Type           Power      Damage    Failure   Level
a - Slow                  Hex            36%        N/A       8%          1

Your spell library contained the following spells:

 Spells                   Type           Power      Damage    Failure   Level
 Inner Flame              Hex/Fire       5%         N/A       38%         3
 Portal Projectile        Hex/Tloc       10%        N/A       38%         3
 Cause Fear               Hex            4%         N/A       58%         4


Dungeon Overview and Level Annotations

Branches:
Dungeon (1/15)

Altars:


Innate Abilities, Weirdness & Mutations

You are small and have problems with some larger weapons.
You are completely attuned to the shadows.


Message History

The ball python closely misses you. The ball python constricts you.
The hobgoblin hits you but does no damage.
You hit the ball python.
The ball python is severely wounded.
The ball python bites you. The ball python constricts you.
The hobgoblin hits you but does no damage.
You closely miss the ball python.
The ball python is severely wounded.
The ball python bites you. The ball python constricts you.
The ball python bites you. The ball python constricts you.
The hobgoblin hits you.
You are too injured to fight recklessly!
You are too injured to fight recklessly!
You are too injured to fight recklessly!
You escape the ball python's grasp.
The hobgoblin misses you.
You hit the hobgoblin but do no damage. The hobgoblin misses you.
You hit the hobgoblin.
The hobgoblin is lightly wounded.
The hobgoblin closely misses you.
You hit the hobgoblin but do no damage.
The hobgoblin is lightly wounded.
The hobgoblin hits you.
* * * LOW HITPOINT WARNING * * *
You hit the hobgoblin but do no damage.
The hobgoblin is lightly wounded.
The hobgoblin closely misses you.
You hit the hobgoblin but do no damage.
The hobgoblin is lightly wounded.
The hobgoblin hits you.
* * * LOW HITPOINT WARNING * * *
You hit the hobgoblin.
The hobgoblin is heavily wounded.
The hobgoblin closely misses you.
You hit the hobgoblin but do no damage.
The hobgoblin is heavily wounded.
The hobgoblin closely misses you.
You hit the hobgoblin.
You kill the hobgoblin!
The ball python bites you.
You die...

#..# #..#
#..# #..#
#####.# #†.#
#.....## #..#
#...... #..#
##....######.
###..#
......gS@....
......#
...##'######.
......#
...........
......#
...........
......#
..........
.....#
..##'#####
.....# .. #.#
#.....# #.#
#..#..# #.#
#.#..#


You could see a hobgoblin and a ball python.

Vanquished Creatures
  An endoplasm (D:1)
  A goblin (D:1)
  2 hobgoblins (D:1)
  A bat (D:1)
  A frilled lizard (D:1)
  2 rats (D:1)
8 creatures vanquished.

Notes
Turn   | Place    | Note
-------+----------+-------------------------------------------
     0 | D:1      | southernslant the Kobold Arcane Marksman began the quest
                  | for the Orb.
     0 | D:1      | Reached XP level 1. HP: 12/12 MP: 2/2
   199 | D:1      | Reached XP level 2. HP: 16/16 MP: 4/4
   249 | D:1      | Slain by a ball python

Illustrated notes

Levels and vault maps discovered:
D:1:      amcnicky_arrival_flooded_fountain, layout_basic

Action                   || total
-------------------------++-------
Melee: Dagger            ||    14
 Fire: Hand crossbow     ||    14
Armor: Robe              ||     5
Dodge: Dodged            ||    15

Table legend: (Time is in decaauts)
 A = Elapsed time spent in this place.
 B = Non-inter-level travel time spent in this place.
 C = Inter-level travel time spent in this place.
 D = Time resting spent in this place.
 E = Time spent auto-exploring this place.
 F = Levels seen in this place.
 G = Mean time per level.
                   A        B        C        D        E       F      G
               +--------+--------+--------+--------+--------+-----+--------+
         Total |    253 |    253 |      0 |      0 |    190 |   1 |  253.0 |
       Dungeon |    253 |    253 |      0 |      0 |    190 |   1 |  253.0 |
               +--------+--------+--------+--------+--------+-----+--------+

Top non-repeatable levels by time:
     D:1: 253 daAuts
